 Dungeon Crawl Stone Soup version 0.31-a0-202-g547052bce9 (webtiles) character file.

Game seed: 2518567160370540283

2671 Warped the Cleaver (level 9, -2/66 HPs)
             Began as a Formicid Fighter on June 26, 2023.
             Was a Follower of Makhleb.
             Slain by a two-headed ogre
             ... wielding a +0 giant club
              (6 damage)
             ... on level 6 of the Dungeon.
             The game lasted 00:08:27 (4863 turns).

Warped the Cleaver (Formicid Fighter)               Turns: 4863, Time: 00:08:28

Health: -2/66      AC:  9    Str: 24    XL:     9   Next: 95%
Magic:  9/9        EV:  9    Int: 13    God:    Makhleb [*.....]
Gold:   112        SH:  5    Dex: 15    Spells: 8/8 levels left

rFire   . . .        a - +1 battleaxe (elec)
rCold   . . .        c - +0 buckler
rNeg    . . .        r - +0 chain mail
rPois   .            (helmet unavailable)
rElec   .            (no cloak)
rCorr   .            (no gloves)
SInv    +            (no boots)
Will    .....        (no amulet) Stlth
                     t - +6 ring of intelligence
HPRegen 0.31/turn    (no ring)
MPRegen 0.11/turn

%: no passive effects
@: mighty
A: permanent stasis, dig shafts and tunnels, antennae 3, four strong arms
a: Dig, Shaft Self, Renounce Religion


You were on level 6 of the Dungeon.
You worshipped Makhleb.
Makhleb was aware of your devotion.
You visited 2 branches of the dungeon, and saw 7 of its levels.

You collected 294 gold pieces.
You spent 182 gold pieces at shops.

Inventory:

Hand Weapons
 a - a +1 battleaxe of electrocution (weapon)
 b - a +0 war axe
 k - a +1 dagger of protection
 u - a +0 dagger of venom
 v - a +0 trident
 x - a +0 shortbow
Missiles
 l - 40 stones
 s - 2 javelins (quivered)
Armour
 c - a +0 buckler (worn)
 r - a +0 chain mail (worn)
 w - a +0 scale mail
Jewellery
 h - a ring of willpower
 t - a +6 ring of intelligence (left hand)
 z - a +5 ring of evasion
Scrolls
 e - 2 scrolls of enchant weapon
 g - 3 scrolls of fog
 i - 2 scrolls of immolation
 o - a scroll of fear
 q - a scroll of identify
 y - a scroll of poison {unknown}
Potions
 f - a potion of brilliance
 n - 2 potions of haste
 p - a potion of attraction


   Skills:
 + Level 4.6 Fighting
 * Level 11.5 Axes
 + Level 4.6 Armour
 + Level 2.3 Dodging
 + Level 5.5 Shields


You had 8 spell levels left.
You didn't know any spells.
Your spell library contained the following spells:

 Spells                   Type           Power      Damage    Failure   Level
 Magic Dart               Conj           0%         1d3       89%         1
 Necrotise                Necr           0%         1d4       89%         1
 Slow                     Hex            0%         N/A       89%         1
 Summon Small Mammal      Summ           0%         N/A       89%         1
 Call Imp                 Summ           0%         N/A       96%         2
 Call Canine Familiar     Summ           0%         N/A       99%         3
 Confusing Touch          Hex            0%         N/A       99%         3
 Mephitic Cloud           Conj/Pois/Air  0%         N/A       99%         3
 Summon Guardian Golem    Hex/Summ       0%         N/A       99%         3
 Vampiric Draining        Necr           0%         2d6       99%         3
 Agony                    Necr           0%         N/A       100%        5


Dungeon Overview and Level Annotations

Branches:
Dungeon (6/15)             Temple (1/1) D:4

Altars:
Ashenzari
Dithmenos
Makhleb
Nemelex Xobeh
Ru
Trog
Xom
Zin

Shops:
D:1 [   D:3 *   D:4 ([*?[


Innate Abilities, Weirdness & Mutations

You cannot be hasted, slowed, berserked, paralysed or teleported.
You can dig through walls and to a lower floor.
You have a pair of large antennae on your head. (SInv)
Your four strong arms can wield two-handed weapons with a shield.


Message History

The hound closely misses you.
You slice the hound!!
You kill the hound!
Makhleb accepts your kill.
The ice beast hits you but does no damage.
You barely miss the ice beast. The ice beast barely misses you.
You slice the ice beast!!
Lightning courses through the ice beast!
You kill the ice beast!
Makhleb accepts your kill.
Your Dodging skill increases to level 2!
You slice the cyclops!! Lightning courses through the cyclops!!
The cyclops is severely wounded.
You slash the cyclops!
The cyclops is almost dead.
The cyclops hits you!
You slice the cyclops!!
You kill the cyclops!
Makhleb accepts your kill.
Things that are here:
an iguana corpse; a hound skeleton; a hound skeleton You start resting.
HP restored.
Things that are here:
an iguana skeleton; a hound skeleton; a hound skeleton A two-headed ogre comes into view.
It is wielding two +0 giant clubs.
The two-headed ogre shouts in stereo!
You hear a shout!
You see here a +0 ring mail.
The two-headed ogre hits you with a +0 giant club!!
The two-headed ogre closely misses you.
Things that are here:
2 large rocks; an iguana corpse You hit the two-headed ogre but do no damage.
The two-headed ogre hits you with a +0 giant club!
The two-headed ogre hits you with a +0 giant club.
You feel very mighty all of a sudden.
The two-headed ogre hits you with a +0 giant club!!
* * * LOW HITPOINT WARNING * * *
The two-headed ogre hits you with a +0 giant club.
You die...

##....## #..# #......##
o. #..# ...##...# .###
#..# ..###...#### ...
#..# ...###..'..# .C#
#..# ...##...##.# {.
#..# #......###.# .#
#..# ##....##
#รท#######'##### #..#
##....## #.....[@O.....#
#..#
#......######..##..##..#
#..# ...##...# #..##..#
#..# ..###...# ###..##..
#..# ...###..# ..# ..#
{#..# ...##...##
##..##.. #..#
#......#.### ..# ..#
#..# ##....###..# #.. #.
#..# ##....###..# { ..
#..#


You could see a two-headed ogre.

Vanquished Creatures
  Pikel (D:5)
  A cyclops (D:6)
  Sigmund (D:4)
  A water moccasin (D:6)
  3 ice beasts
  2 black bears (D:6)
  A centaur (D:6)
  A lemure (D:5)
  3 phantoms (D:5)
  A scorpion (D:6)
  A bullfrog (D:6)
  A jelly (D:6)
  6 hounds
  3 orc priests
  5 iguanas
  2 orc wizards
  6 adders
  A shadow imp (D:6)
  A white imp (D:6)
  An ufetubus (D:5)
  A worm (D:4)
  4 dart slugs
  16 orcs
  3 bats
  3 endoplasms
  7 giant cockroaches
  4 goblins
  4 hobgoblins (D:1)
  7 jackals (D:1)
  8 kobolds
  4 quokkas
  7 ball pythons
  4 frilled lizards
  8 rats
122 creatures vanquished.

Notes
Turn   | Place    | Note
-------+----------+-------------------------------------------
     0 | D:1      | Warped the Formicid Fighter began the quest for the Orb.
     0 | D:1      | Reached XP level 1. HP: 18/18 MP: 1/1
    80 | D:1      | Reached XP level 2. HP: 24/24 MP: 2/2
   382 | D:1      | Reached skill level 3 in Axes
   445 | D:1      | Reached XP level 3. HP: 19/29 MP: 3/3
   594 | D:1      | Found Omoph's Antique Armour Shop.
  1038 | D:2      | Reached skill level 4 in Axes
  1038 | D:2      | Reached XP level 4. HP: 35/35 MP: 4/4
  1308 | D:2      | Reached XP level 5. HP: 41/41 MP: 5/5
  1558 | D:2      | Found a faded altar of an unknown god.
  1623 | D:3      | Reached skill level 5 in Axes
  1682 | D:3      | Found Etojecai's General Store.
  1920 | D:3      | Reached XP level 6. HP: 47/47 MP: 6/6
  2221 | D:4      | Found Jeach's Weapon Emporium.
  2235 | D:4      | Found Tyack's Armour Boutique.
  2240 | D:4      | Found a staircase to the Ecumenical Temple.
  2263 | D:4      | Reached skill level 6 in Axes
  2313 | D:4      | Bought a +0 battleaxe of electrocution for 182 gold pieces
  2347 | D:4      | Found Iniyd Ato's Assorted Antiques.
  2385 | Temple   | Entered the Ecumenical Temple
  2480 | Temple   | Became a worshipper of Makhleb the Destroyer
  2536 | D:4      | Found Ifopiefa's Armour Emporium.
  2830 | D:4      | Found Wastic's Magic Scroll Shoppe.
  2880 | D:4      | Noticed Sigmund
  2994 | D:4      | Killed Sigmund
  2995 | D:4      | Reached skill level 7 in Axes
  2995 | D:4      | Reached XP level 7. HP: 43/52 MP: 7/7
  3364 | D:5      | Entered Level 5 of the Dungeon
  3375 | D:5      | Noticed Pikel
  3396 | D:5      | Killed Pikel
  3397 | D:5      | Reached skill level 9 in Axes
  3397 | D:5      | Reached XP level 8. HP: 42/58 MP: 8/8
  3665 | D:5      | Reached skill level 10 in Axes
  4164 | D:6      | Reached XP level 9. HP: 52/64 MP: 9/9
  4419 | D:6      | Reached skill level 1 in Dodging
  4469 | D:6      | Found a bloodstained altar of Trog.
  4572 | D:6      | Reached * piety under Makhleb
  4573 | D:6      | Reached skill level 11 in Axes
  4674 | D:6      | Reached skill level 5 in Shields
  4790 | D:6      | Noticed a cyclops
  4804 | D:6      | Killed a cyclops
  4859 | D:6      | Noticed a two-headed ogre
  4863 | D:6      | Slain by a two-headed ogre

Illustrated notes

Levels and vault maps discovered:
D:1:      amcnicky_arrival_feature_with_door, layout_basic, serial_shops,
          nicolae_shop_real_fake_doors, chequers_arboretum
D:2:      layout_rooms, chequers_ecumenical_altar_twisty
D:3:      layout_basic, serial_shops, shop
D:4:      layout_gridville, minmay_temple_entry_proselytizer, serial_shops,
          nicolae_shop_gibbet_a_chance, nicolae_shop_back_alley_shop, shop,
          nicolae_shop_overgrown_old_shop, nicolae_shop_bloodbath_and_beyond,
          uniq_sigmund
D:5:      layout_basic, uniq_pikel
D:6:      wad_guarded_room, layout_gridville, mainiacjoe_overflow_cross_hatched
Temple:   mainiacjoe_temple_cubbyholes

Skill      XL: |  1  2  3  4  5  6  7  8  9 |
---------------+----------------------------+-----
Axes           | 3 4 5 7 9 10 11 | 11.5
Dodging        | 2 |  2.3
Fighting       | 4 |  4.6
Armour         | 4 |  4.6
Shields        | 5 |  5.5

Action                     |  1- 3 |  4- 6 |  7- 9 || total
---------------------------+-------+-------+-------++-------
  Melee: War axe           |    82 |   140 |       ||   222
         Battleaxe         |       |    19 |   135 ||   154
    Use: Scroll            |       |     8 |     2 ||    10
         Potion            |       |     4 |     4 ||     8
 Armour: Scale mail        |    54 |    37 |       ||    91
         Chain mail        |       |    29 |    57 ||    86
         Skin              |       |       |     3 ||     3
  Dodge: Dodged            |    45 |    70 |    53 ||   168
  Block: Buckler           |    28 |    36 |    36 ||   100

Table legend: (Time is in decaauts)
 A = Elapsed time spent in this place.
 B = Non-inter-level travel time spent in this place.
 C = Inter-level travel time spent in this place.
 D = Time resting spent in this place.
 E = Time spent auto-exploring this place.
 F = Levels seen in this place.
 G = Mean time per level.
                   A        B        C        D        E       F      G
               +--------+--------+--------+--------+--------+-----+--------+
         Total |   4951 |   4756 |    195 |    512 |   3175 |   7 |  707.3 |
       Dungeon |   4826 |   4660 |    166 |    512 |   3094 |   6 |  804.3 |
        Temple |    125 |     96 |     29 |      0 |     81 |   1 |  125.0 |
               +--------+--------+--------+--------+--------+-----+--------+

Top non-repeatable levels by time:
     D:4: 1029 daAuts
     D:1: 945 daAuts
     D:5: 807 daAuts
     D:2: 722 daAuts
     D:6: 719 daAuts
     D:3: 601 daAuts
  Temple: 125 daAuts
